[Event "Titled Tuesday Blitz September 13 Early 2022"]
[White "Goryachkina, Aleksandra"]
[Black "Sarana, Alexey"]
[WhiteFideId "4147103"]
[BlackFideId "24133795"]
[WhiteElo "2426"]
[BlackElo "2689"]
[Result "0-1"]
[Round "03"]
[TimeControl "180+1"]
[Date "2022.09.13"]
[WhiteClock "0:00:03"]
[BlackClock "0:00:07"]

1. e4 c5 2. Nf3 d6 3. Bb5+ Bd7 4. Bxd7+ Nxd7 5. c3 Ngf6 6. Qe2 g6 7. O-O Bg7 8. d4 cxd4 9. cxd4 O-O 10. Nc3 e6 11. h3 Qb6 12. Bf4 Rac8 13. Rac1 a6 14. Rfd1 Rfd8 15. e5 dxe5 16. dxe5 Nd5 17. Nxd5 exd5 18. Rxc8 Rxc8 19. Rxd5 Nf8 20. Rd6 Qb4 21. Qd2 Qe4 22. Be3 Ne6 23. Qd3 Qa4 24. a3 Bf8 25. Rd7 Qc6 26. Qd5 Qxd5 27. Rxd5 Rc2 28. Rd2 Rc1+ 29. Kh2 Rb1 30. Nd4 Nc5 31. f4 Ne4 32. Rc2 Kg7 33. e6 Bd6 34. g3 Kf6 35. exf7 Kxf7 36. Nf3 Nf6 37. Bd4 Nd5 38. Ne5+ Ke6 39. Re2 Rd1 40. Bc3 Nxc3 41. bxc3 Kd5 42. Kg2 Bxa3 43. c4+ Kc5 44. Kf3 a5 45. Ke4 Bb4 46. Rc2 Re1+ 47. Kf3 Kd4 48. c5 Re3+ 49. Kf2 Rc3 50. Rxc3 Kxc3 51. c6 bxc6 52. Nxc6 a4 0-1


[Site "https://www.chess.com"]

[Event "Titled Tuesday Blitz September 13 Early 2022"]
[White "Harvey, Marcus R"]
[Black "Puranik, Abhimanyu"]
[WhiteFideId "400092"]
[BlackFideId "5061245"]
[WhiteElo "2485"]
[BlackElo "2520"]
[Result "1-0"]
[Round "03"]
[TimeControl "180+1"]
[Date "2022.09.13"]
[WhiteClock "0:00:27"]
[BlackClock "0:00:07"]

1. e4 e5 2. Nf3 Nc6 3. Bb5 a6 4. Ba4 Nf6 5. O-O b5 6. Bb3 Bb7 7. d3 Be7 8. a3 O-O 9. Nc3 Nd4 10. Nxd4 exd4 11. Nd5 Nxd5 12. Bxd5 Bxd5 13. exd5 Bf6 14. Re1 Rc8 15. a4 c6 16. axb5 axb5 17. Qf3 Qb6 18. b4 cxd5 19. Qxd5 Qc6 20. Qxc6 Rxc6 21. Re2 Rfc8 22. Kf1 h5 23. Ra2 Re6 24. Bd2 h4 25. Ke1 Be5 26. h3 d6 27. Kd1 Rg6 28. f4 Bf6 29. Ra5 Rb8 30. f5 Rg5 31. Bxg5 Bxg5 32. Re4 Bf6 33. Ra6 Rd8 34. Kc1 d5 35. Re2 Kh7 36. Kb2 Rb8 37. Rd6 Kh6 38. Rxd5 Kg5 39. Re4 Rb7 40. Rg4+ Kh5 41. Rc5 Be7 42. Rc8 1-0


[Site "https://www.chess.com"]

[Event "Titled Tuesday Blitz September 13 Early 2022"]
[White "Jobava, Baadur"]
[Black "Samunenkov, Ihor"]
[WhiteFideId "13601520"]
[BlackFideId "14187086"]
[WhiteElo "2582"]
[BlackElo "2441"]
[Result "0-1"]
[Round "03"]
[TimeControl "180+1"]
[Date "2022.09.13"]
[WhiteClock "0:00:03"]
[BlackClock "0:00:07"]

1. b3 c5 2. Bb2 Nc6 3. e3 e5 4. c4 Nge7 5. Nc3 d6 6. g3 g6 7. Bg2 Bg7 8. Nge2 O-O 9. O-O Rb8 10. d3 a6 11. Qd2 b5 12. Rad1 Be6 13. Nd5 Qd7 14. Nec3 Bh3 15. Bxh3 Qxh3 16. Qe2 Qe6 17. Kg2 Kh8 18. h4 h5 19. Qf3 b4 20. Ne2 Nf5 21. Kg1 a5 22. Rfe1 Nce7 23. Nxe7 Qxe7 24. d4 exd4 25. exd4 Rfe8 26. Kg2 Qb7 27. Qxb7 Rxb7 28. Nf4 Rxe1 29. Rxe1 Bxd4 30. Re8+ Kg7 31. Bxd4+ Nxd4 32. Ra8 Nc6 33. Ra6 Rc7 34. Nd5 Rc8 35. f3 Nd4 36. Rxd6 Re8 37. Nf4 Re1 38. Rd5 Ra1 39. Rxc5 Rxa2+ 40. Kf1 Nxb3 41. Rc7 Nd2+ 42. Ke1 b3 43. Ne6+ Kf6 44. Ng5 b2 45. Rxf7+ Ke5 46. Re7+ Kd6 47. Re6+ Kd7 0-1


[Site "https://www.chess.com"]

[Event "Titled Tuesday Blitz September 13 Early 2022"]
[White "Kamsky, Gata"]
[Black "Vaibhav Jayant Raut"]
[WhiteFideId "2000024"]
[BlackFideId "5089034"]
[WhiteElo "2966"]
[BlackElo "2753"]
[Result "0-1"]
[Round "03"]
[TimeControl "180+1"]
[Date "2022.09.13"]
[WhiteClock "0:00:02"]
[BlackClock "0:00:05"]

1. d4 Nf6 2. Bf4 e6 3. e3 c5 4. c3 b6 5. Nf3 Bb7 6. Nbd2 Be7 7. h3 O-O 8. Bd3 d5 9. Qb1 Ba6 10. Bxa6 Nxa6 11. a4 Nb8 12. Ne5 Nfd7 13. O-O Nxe5 14. dxe5 Nc6 15. Nf3 Qc8 16. Rd1 Rd8 17. h4 h6 18. h5 a6 19. Qd3 c4 20. Qe2 b5 21. e4 dxe4 22. Qxe4 Qc7 23. axb5 Rxd1+ 24. Rxd1 axb5 25. g4 Rd8 26. Rxd8+ Bxd8 27. Nd4 Nxd4 28. Qxd4 Be7 29. Qe4 Qd8 30. Kg2 Qd1 31. Be3 Qe2 32. Qf3 Qd3 33. Qa8+ Kh7 34. Qb7 Bg5 35. Bxg5 hxg5 36. Qxf7 Qe4+ 37. Qf3 Qxe5 38. Qe3 Qd5+ 39. f3 Kh6 40. Qe4 Qxe4 41. fxe4 e5 42. Kf3 g6 43. hxg6 Kxg6 44. Ke3 Kf6 45. Kd2 Ke6 46. Kc2 Kd6 47. b4 cxb3+ 48. Kxb3 Kc5 0-1


[Site "https://www.chess.com"]

[Event "Titled Tuesday Blitz September 13 Early 2022"]
[White "Koellner, Ruben Gideon"]
[Black "Demchenko, Anton"]
[WhiteFideId "12993093"]
[BlackFideId "4160258"]
[WhiteElo "2286"]
[BlackElo "2539"]
[Result "0-1"]
[Round "03"]
[TimeControl "180+1"]
[Date "2022.09.13"]
[WhiteClock "0:00:04"]
[BlackClock "0:00:10"]

1. d4 d5 2. Nf3 Nf6 3. e3 c6 4. Nbd2 Bf5 5. Ne5 h6 6. g4 Bh7 7. Bd3 Bxd3 8. cxd3 Nbd7 9. f4 e6 10. Ndf3 c5 11. g5 hxg5 12. Nxg5 Nxe5 13. dxe5 Nd7 14. h4 Be7 15. Qf3 Qb6 16. Bd2 Bxg5 17. hxg5 Rxh1+ 18. Qxh1 Qxb2 19. Ke2 O-O-O 20. Rb1 Qc2 21. Rc1 Qa4 22. Qh7 b6 23. Qxg7 Rf8 24. Rh1 c4 25. Rc1 b5 26. g6 fxg6 27. Qxg6 Rh8 28. dxc4 dxc4 29. Rg1 Qxa2 30. Rg2 c3 31. Kf3 cxd2 32. Qd3 Rh3+ 33. Kg4 d1=Q+ 34. Qxd1 Qxg2# 0-1


[Site "https://www.chess.com"]

[Event "Titled Tuesday Blitz September 13 Early 2022"]
[White "Kosteniuk, Alexandra"]
[Black "Pranav, V"]
[WhiteFideId "4128125"]
[BlackFideId "25060783"]
[WhiteElo "2469"]
[BlackElo "2390"]
[Result "1-0"]
[Round "03"]
[TimeControl "180+1"]
[Date "2022.09.13"]
[WhiteClock "0:00:16"]
[BlackClock "0:00:01"]

1. e4 c5 2. c3 g6 3. Nf3 Bg7 4. d4 cxd4 5. cxd4 d5 6. e5 Bg4 7. Bb5+ Nc6 8. Nbd2 e6 9. Bxc6+ bxc6 10. O-O Ne7 11. h3 Bf5 12. Qb3 h5 13. Re1 O-O 14. Nf1 Qb6 15. Qc3 Rfc8 16. Bg5 Bf8 17. Rac1 Qa6 18. a3 Be4 19. Ng3 Rab8 20. b4 Bd3 21. Re3 Bb5 22. Nh4 c5 23. bxc5 Bc4 24. Nxh5 gxh5 25. Rg3 Ng6 26. Nxg6 fxg6 27. Qc2 Rc7 28. Bf6 Rbb7 29. Qxg6+ Rg7 30. Bxg7 Rxg7 31. Qxh5 Rxg3 32. fxg3 Qxa3 33. Qg6+ Kh8 34. Rb1 Qe3+ 35. Kh2 Qxd4 36. Rb7 Bd3 37. Rh7# 1-0


[Site "https://www.chess.com"]

[Event "Titled Tuesday Blitz September 13 Early 2022"]
[White "Malek, Jan"]
[Black "Paravyan, David"]
[WhiteFideId "21864080"]
[BlackFideId "4194985"]
[WhiteElo "2172"]
[BlackElo "2555"]
[Result "0-1"]
[Round "03"]
[TimeControl "180+1"]
[Date "2022.09.13"]
[WhiteClock "0:00:03"]
[BlackClock "0:00:03"]

1. Nf3 Nf6 2. c4 g6 3. Nc3 d5 4. cxd5 Nxd5 5. e4 Nxc3 6. dxc3 Qxd1+ 7. Kxd1 f6 8. h4 Bg4 9. Be2 Nc6 10. Be3 h5 11. Nd4 Bxe2+ 12. Kxe2 Kd7 13. Rhd1 e5 14. Nxc6+ Kxc6 15. Rd5 Bd6 16. c4 a6 17. a4 Rhe8 18. c5 Be7 19. b4 Rad8 20. Rad1 Rxd5 21. exd5+ Kd7 22. b5 axb5 23. axb5 Ra8 24. c6+ bxc6 25. dxc6+ Ke6 26. Rd7 Bd6 27. b6 cxb6 28. Bxb6 Rc8 29. Rg7 Rxc6 30. Be3 Kf5 31. f3 e4 32. fxe4+ Kxe4 33. Rxg6 Rc2+ 34. Kd1 Ra2 35. Rxf6 Be5 36. Re6 Rxg2 37. Bg5 Kf5 38. Rh6 Kg4 39. Re6 Bg3 40. Re4+ Kf5 41. Re3 Bf2 42. Rf3+ Kg4 43. Rf4+ Kh3 44. Rf5 Bg3 45. Rf3 Kg4 46. Rf7 Ra2 47. Rf6 Rh2 48. Rf7 Rb2 49. Rg7 Kh3 50. Rg6 Bxh4 51. Bxh4 Kxh4 52. Ke1 Kh3 53. Kf1 Kh2 54. Rh6 Rb5 55. Kf2 Rf5+ 56. Ke3 Kg3 57. Ke4 Rg5 58. Rc6 h4 59. Rc4 h3 60. Rc3+ Kh4 61. Kf4 h2 62. Rc8 h1=Q 0-1


[Site "https://www.chess.com"]

[Event "Titled Tuesday Blitz September 13 Early 2022"]
[White "Martinez Alcantara, Jose Eduardo"]
[Black "Mahdavi, Reza"]
[WhiteFideId "3805662"]
[BlackFideId "12595926"]
[WhiteElo "2971"]
[BlackElo "2755"]
[Result "1-0"]
[Round "03"]
[TimeControl "180+1"]
[Date "2022.09.13"]
[WhiteClock "0:00:04"]
[BlackClock "0:00:02"]

1. e4 c5 2. Nf3 e6 3. c3 Nf6 4. Bd3 Nc6 5. O-O d5 6. e5 Nd7 7. Bb5 a6 8. Bxc6 bxc6 9. d3 Be7 10. Re1 O-O 11. c4 a5 12. Nc3 Ba6 13. b3 Qc7 14. Bf4 Rad8 15. Bg3 Qa7 16. Qc2 Nb6 17. h4 Rd7 18. Bf4 h6 19. Ne2 Rfd8 20. Ng3 a4 21. Nh5 Qc7 22. Qc1 Bf8 23. d4 cxd4 24. Bxh6 gxh6 25. Nf6+ Kg7 26. Qc2 Bb4 27. Qh7+ Kf8 28. Nxd4 Ke7 29. Nxd7 Nxd7 30. Nf5+ exf5 31. e6 Ne5 32. exf7 Rf8 33. Qxf5 Bxe1 34. Rxe1 Rxf7 35. Rxe5+ Kf8 36. Qh5 Kg7 37. Re6 Qf4 38. f3 Bc8 39. Qg6+ Kf8 40. Rxc6 Qd4+ 41. Kf1 Qa1+ 42. Kf2 Qd4+ 43. Kf1 Bf5 44. Qxh6+ Kg8 45. Qg5+ Rg7 46. Qd8+ Kh7 47. Qxd5 Qa1+ 48. Kf2 Qb2+ 49. Ke3 Bg6 50. Re6 Qxg2 51. bxa4 Qg1+ 52. Kf4 Qh2+ 53. Ke3 Qxh4 54. Qe5 Qxc4 55. Qh2+ Kg8 56. Qd6 Qc3+ 57. Kf2 Qc2+ 58. Ke3 Kh7 59. Re5 Rf7 60. Qd5 Qc3+ 61. Kf2 Qc2+ 62. Re2 Qc3 63. Kg3 Qc1 64. Rh2+ Kg8 65. Qd8+ Rf8 66. Qd5+ Rf7 67. Qd4 Qg5+ 68. Qg4 Qe5+ 69. f4 Qe3+ 70. Qf3 Qe6 71. Qa8+ Rf8 72. Qf3 Qf6 73. Qg4 Qc3+ 74. Kh4 Qf6+ 75. Kg3 Qc3+ 76. Qf3 Qf6 77. Rh4 Kg7 78. Rg4 Qf5 79. Qb7+ Rf7 80. Qb2+ Kg8 81. Qd4 Rf6 82. Rg5 Qe6 83. Re5 Qxa2 84. Qd8+ Rf8 85. Qd7 Qa3+ 86. Kg4 Qb3 87. Qd5+ Qxd5 88. Rxd5 Bf7 89. Rg5+ Kh7 90. Re5 Ra8 91. a5 Kg7 92. Kf5 Ra6 93. Rc5 Bg6+ 94. Kg5 Bf7 95. f5 Ra7 96. Rb5 Ra6 97. Re5 Ra7 98. Rc5 Ra6 99. Kf4 Kf6 100. Rb5 Ke7 101. Ke5 Be8 102. Rd5 Bd7 103. Rc5 Rf6 104. Kf4 Ra6 105. Kg5 Kf7 106. Rc7 Ke7 107. f6+ Kd8 108. f7 Rxa5+ 109. Kg6 Ke7 110. Rxd7+ Kf8 111. Rd8+ 1-0


[Site "https://www.chess.com"]

[Event "Titled Tuesday Blitz September 13 Early 2022"]
[White "Milikow, Yoav"]
[Black "Danielyan, Vahe"]
[WhiteFideId "2822237"]
[BlackFideId "13304828"]
[WhiteElo "2341"]
[BlackElo "2421"]
[Result "1-0"]
[Round "03"]
[TimeControl "180+1"]
[Date "2022.09.13"]
[WhiteClock "0:00:26"]
[BlackClock "0:00:06"]

1. d4 Nf6 2. c4 g6 3. Nc3 Bg7 4. e4 d6 5. Be2 O-O 6. Be3 e5 7. d5 Nbd7 8. g4 Nc5 9. f3 h5 10. b4 Ncd7 11. h4 a5 12. a3 Nb6 13. g5 Ne8 14. c5 Nd7 15. Nh3 dxc5 16. bxc5 b6 17. c6 Nb8 18. Nf2 Nd6 19. a4 Ba6 20. Nb5 Bc8 21. Bc1 Na6 22. Ba3 Nb4 23. Nd3 f5 24. Nxb4 axb4 25. Bxb4 fxe4 26. Nxd6 exf3 27. Nxc8 fxe2 28. Qb3 Rf1+ 29. Kxe2 Rxh1 30. Ne7+ Kh7 31. Rxh1 Qe8 32. d6 cxd6 33. Bxd6 Ra7 34. Rc1 Rxe7 35. Bxe7 Qxe7 36. c7 Qd7 37. c8=Q 1-0


[Site "https://www.chess.com"]

[Event "Titled Tuesday Blitz September 13 Early 2022"]
[White "Molina, Roberto Junio Brito"]
[Black "Begunov, Konstantin"]
[WhiteFideId "2109450"]
[BlackFideId "4118510"]
[WhiteElo "2403"]
[BlackElo "2165"]
[Result "1-0"]
[Round "03"]
[TimeControl "180+1"]
[Date "2022.09.13"]
[WhiteClock "0:00:16"]
[BlackClock "0:00:01"]

1. d4 d5 2. e3 c6 3. Nf3 Bg4 4. Be2 Nd7 5. O-O e6 6. b3 f5 7. c4 Bd6 8. Ba3 Bxa3 9. Nxa3 Qe7 10. Qc1 Ngf6 11. Qb2 O-O 12. Nc2 Ne4 13. Nce1 a5 14. Nd3 a4 15. Nfe5 Bxe2 16. Qxe2 Nxe5 17. Nxe5 axb3 18. axb3 Qb4 19. Qc2 Qd2 20. Qc1 Rxa1 21. Qxa1 f4 22. Nf3 Qc2 23. Qd1 Qxd1 24. Rxd1 fxe3 25. fxe3 Ra8 26. cxd5 exd5 27. h3 Ra3 28. Rb1 Nc3 29. Rb2 Nd1 30. Re2 Rxb3 31. Ne5 Rxe3 32. Ra2 h6 33. Ra8+ Kh7 34. Rb8 Rb3 35. Nxc6 Nc3 36. Ne7 Ne2+ 37. Kf2 Nxd4 38. Nxd5 Rb2+ 39. Ke3 Nf5+ 40. Kf4 Nd6 41. g4 b5 42. h4 Rf2+ 43. Ke3 Rh2 44. h5 Nc4+ 45. Kf4 Rf2+ 46. Kg3 Rd2 47. Ne7 Ne5 48. Kf4 Nf7 49. Ng6 Rd8 50. Rxb5 Ng5 51. Rb7 Re8 52. Kf5 Ne6 53. Rb6 Ng5 54. Ra6 Rb8 55. Ra5 Rc8 56. Ra7 Rc5+ 57. Kf4 Rc4+ 58. Kg3 Rc8 59. Ne7 Re8 60. Nf5 Ne6 61. Kh4 Kg8 62. Rb7 Kh7 63. Rd7 Kg8 64. Rd6 Kh7 65. Rd5 Kg8 66. Re5 Kf7 67. Ra5 Kf6 68. Ra6 Ke5 69. Ra5+ Kf6 70. Ra7 Ke5 71. Nxg7 Nxg7 72. Rxg7 Re6 73. Rf7 1-0


[Site "https://www.chess.com"]

[Event "Titled Tuesday Blitz September 13 Early 2022"]
[White "Narayanan, Srinath"]
[Black "Bortnyk, Olexandr"]
[WhiteFideId "5018420"]
[BlackFideId "14120828"]
[WhiteElo "2765"]
[BlackElo "3008"]
[Result "0-1"]
[Round "03"]
[TimeControl "180+1"]
[Date "2022.09.13"]
[WhiteClock "0:00:06"]
[BlackClock "0:00:46"]

1. Nf3 Nf6 2. c4 d6 3. d4 g6 4. g3 Bg7 5. Bg2 O-O 6. O-O Bf5 7. Nc3 Ne4 8. Nh4 Nxc3 9. bxc3 Bc8 10. Rb1 c6 11. Qd3 e5 12. Rd1 Qa5 13. Qc2 Re8 14. a4 Na6 15. e4 c5 16. dxe5 dxe5 17. Bf3 Nc7 18. Ng2 b6 19. Ne3 h5 20. h4 Ne6 21. Nd5 Bb7 22. g4 Bc6 23. Ra1 hxg4 24. Bxg4 Bxd5 25. exd5 Nf4 26. d6 Rad8 27. d7 Re7 28. h5 f5 29. Bxf4 exf4 30. Bf3 Qxc3 31. Qxc3 Bxc3 32. Ra3 Bd4 33. hxg6 Rdxd7 34. Bd5+ Kg7 35. a5 b5 36. Bc6 Bxf2+ 37. Kxf2 Rxd1 38. cxb5 Kxg6 39. b6 axb6 40. axb6 Rb1 41. Ra6 Rb2+ 42. Kf3 Kg5 0-1


[Site "https://www.chess.com"]

[Event "Titled Tuesday Blitz September 13 Early 2022"]
[White "Omelja, Artem"]
[Black "Ibrahimli, Murad"]
[WhiteFideId "14119846"]
[BlackFideId "13410229"]
[WhiteElo "2382"]
[BlackElo "2109"]
[Result "0-1"]
[Round "03"]
[TimeControl "180+1"]
[Date "2022.09.13"]
[WhiteClock "0:00:05"]
[BlackClock "0:01:03"]

1. d4 Nf6 2. c4 e6 3. Nf3 Bb4+ 4. Bd2 Qe7 5. a3 Bxd2+ 6. Qxd2 d5 7. Nc3 O-O 8. e3 Rd8 9. cxd5 exd5 10. Bd3 Nbd7 11. O-O a5 12. Qc2 c6 13. Rfe1 h6 14. Rab1 Nb6 15. Ne5 Be6 16. Ne2 Nfd7 17. f4 Nf6 18. h3 a4 19. Rbc1 Nc4 20. Bxc4 dxc4 21. Nc3 c5 22. f5 Bd7 23. Nxc4 b5 24. Ne5 b4 25. Ne2 cxd4 26. exd4 Rac8 27. Qd3 bxa3 28. Qxa3 Qxa3 29. bxa3 Bxf5 30. Kf2 Be6 31. Rc5 Ne4+ 32. Ke3 Nxc5 33. d5 Rxd5 0-1


[Site "https://www.chess.com"]

[Event "Titled Tuesday Blitz September 13 Early 2022"]
[White "Oparin, Grigoriy"]
[Black "Aradhya, Garg"]
[WhiteFideId "24125890"]
[BlackFideId "25006746"]
[WhiteElo "2639"]
[BlackElo "2223"]
[Result "1-0"]
[Round "03"]
[TimeControl "180+1"]
[Date "2022.09.13"]
[WhiteClock "0:00:20"]
[BlackClock "0:00:04"]

1. d4 d5 2. Bg5 h6 3. Bh4 c5 4. c3 Qb6 5. Qd2 cxd4 6. cxd4 e5 7. e3 Nc6 8. Nf3 e4 9. Ne5 Bd6 10. Nc3 Be6 11. Bg3 Bxe5 12. Bxe5 f6 13. Bg3 Nge7 14. h3 O-O 15. Be2 Nf5 16. Bh2 Rfc8 17. O-O Qd8 18. Rfc1 Nd6 19. Nb5 Nxb5 20. Bxb5 Qd7 21. Rc3 a6 22. Be2 Ne7 23. Rc5 Rc6 24. Rac1 Rac8 25. b4 b6 26. Rxc6 Rxc6 27. a3 Qc8 28. Rxc6 Nxc6 29. Qc3 a5 30. b5 Na7 31. Qxc8+ Nxc8 32. h4 Kf7 33. f3 f5 34. h5 Ke7 35. Be5 Kf7 36. Kf2 Ne7 37. Bc7 Nc8 38. Kg3 Bd7 39. Kf4 Ke6 40. Be5 Kf7 41. g4 fxg4 42. fxe4 dxe4 43. Kxe4 g6 44. hxg6+ Kxg6 45. Kf4 Ne7 46. e4 h5 47. Bc7 h4 48. Bd8 h3 49. Kg3 Kf7 50. Bxb6 a4 51. Bc7 Ng6 52. b6 Bc8 53. d5 Ne7 54. Bxg4 Bxg4 55. Kxg4 Nc8 56. b7 Nd6 57. Bxd6 h2 58. Bxh2 Kf6 59. b8=Q Kg7 60. Qd6 Kf7 61. Kf5 Kg7 62. Qg6+ Kh8 63. Qg5 Kh7 64. Kf6 Kh8 65. Qg7# 1-0


[Site "https://www.chess.com"]

[Event "Titled Tuesday Blitz September 13 Early 2022"]
[White "Pap, Gyula"]
[Black "Jovic, Stanoje"]
[WhiteFideId "725323"]
[BlackFideId "905020"]
[WhiteElo "2519"]
[BlackElo "2238"]
[Result "1-0"]
[Round "03"]
[TimeControl "180+1"]
[Date "2022.09.13"]
[WhiteClock "0:00:25"]
[BlackClock "0:00:05"]

1. d4 Nf6 2. c4 e6 3. Nc3 Bb4 4. Qb3 a5 5. a3 Bxc3+ 6. Qxc3 a4 7. Bg5 h6 8. Bh4 d6 9. e3 Nbd7 10. Bd3 c5 11. Ne2 Qa5 12. O-O Qxc3 13. Nxc3 b6 14. Rfd1 Bb7 15. Bc2 cxd4 16. Rxd4 Ke7 17. Bxa4 Nc5 18. Bc2 Rhd8 19. Rad1 e5 20. R4d2 g5 21. Bg3 Nce4 22. Bxe4 Nxe4 23. Nd5+ Bxd5 24. Rxd5 Nxg3 25. hxg3 Ra4 26. Rb5 Rb8 27. Rc1 f5 28. Kf1 Kd7 29. Ke2 Kc6 30. Kd3 h5 31. Rb4 Rxb4 32. axb4 Rh8 33. Rh1 b5 34. b3 Rh7 35. Kc3 Rh8 36. Ra1 Kb6 37. Ra5 bxc4 38. bxc4 h4 39. gxh4 Rxh4 40. c5+ dxc5 41. Rxc5 Rg4 42. Rxe5 f4 43. exf4 gxf4 44. Rf5 Rxg2 45. Rxf4 Rg1 46. Kd4 Kb5 47. Ke5 1-0


[Site "https://www.chess.com"]

[Event "Titled Tuesday Blitz September 13 Early 2022"]
[White "Papasimakopoulos, Alexandros"]
[Black "Svane, Rasmus"]
[WhiteFideId "4244125"]
[BlackFideId "4657101"]
[WhiteElo "2357"]
[BlackElo "2674"]
[Result "0-1"]
[Round "03"]
[TimeControl "180+1"]
[Date "2022.09.13"]
[WhiteClock "0:00:21"]
[BlackClock "0:00:16"]

1. d4 Nf6 2. c4 e6 3. Nc3 Bb4 4. Qc2 d5 5. cxd5 exd5 6. Bg5 h6 7. Bh4 g5 8. Bg3 Nc6 9. e3 h5 10. Bb5 h4 11. Be5 O-O 12. Bxc6 bxc6 13. h3 Ne4 14. Ne2 Bf5 15. Qa4 Bxc3+ 16. bxc3 f6 17. Bh2 Qd7 18. Qa5 Rfb8 19. f3 Nd6 20. Bxd6 Qxd6 21. O-O Rb2 22. Rf2 Bd3 23. Re1 Re8 24. c4 Rxe3 25. Qc3 Rc2 26. Qb3 dxc4 27. Qb8+ Kg7 28. f4 Rexe2 29. Rexe2 Rxe2 30. Rxe2 Bxe2 31. fxg5 Qxd4+ 32. Kh1 Qd1+ 33. Kh2 Qd6+ 34. Kh1 Bd3 35. gxf6+ Kxf6 36. Qh8+ Kf7 37. Qh5+ Ke6 38. Qh6+ Kd5 39. Qg5+ Qe5 40. Qxh4 c3 41. Qd8+ Ke4 42. Qh4+ Ke3 43. Qe1+ Kd4 44. Qg1+ Qe3 45. Qa1 Kc4 46. a4 c2 47. Qa2+ Kd4 48. Qb2+ Ke4 49. Qb4+ Kd5 50. Qb3+ Kd6 51. Qa3+ c5 0-1


[Site "https://www.chess.com"]

[Event "Titled Tuesday Blitz September 13 Early 2022"]
[White "Pinheiro, Iung Alicio de O."]
[Black "Kosakowski, Jakub"]
[WhiteFideId "2104350"]
[BlackFideId "1185080"]
[WhiteElo "2283"]
[BlackElo "2453"]
[Result "0-1"]
[Round "03"]
[TimeControl "180+1"]
[Date "2022.09.13"]
[WhiteClock "0:00:07"]
[BlackClock "0:00:40"]

1. e4 c6 2. Nc3 d5 3. Nf3 dxe4 4. Nxe4 Nf6 5. Qe2 Nxe4 6. Qxe4 Nd7 7. Bc4 Nf6 8. Ne5 e6 9. Qe2 b5 10. Bb3 Qc7 11. O-O Bd6 12. d4 O-O 13. Bg5 Nd5 14. Bh4 a5 15. c3 c5 16. Rad1 Bb7 17. Bc2 cxd4 18. cxd4 Nf4 19. Qd2 Nxg2 20. Bg3 f6 21. Rc1 fxe5 22. Bxh7+ Kxh7 23. Rxc7 Bxc7 24. Qc2+ Kg8 25. Qxc7 Rf7 26. Qxe5 Bd5 27. f3 Rf5 28. Qe2 Nf4 29. Qxb5 Nh3+ 30. Kg2 Bxf3+ 31. Rxf3 Rxb5 32. Kxh3 Rxb2 33. a3 a4 34. Re3 Rb3 35. Rxe6 Rxa3 36. Re7 Rd3 37. Kg4 a3 38. Be5 a2 39. Rxg7+ Kf8 40. d5 a1=Q 41. Bxa1 Rxa1 42. Rd7 Rad1 43. h4 Rd4+ 44. Kf3 Rxd5 45. Ra7 R1d4 46. Kg3 Rb5 47. Ra3 Rbb4 48. h5 Rg4+ 49. Kf3 Rh4 50. Ra8+ Kg7 51. Ra7+ Kh6 52. Ra6+ Kxh5 53. Ra5+ Kg6 54. Ra6+ Kf7 55. Ra7+ Ke6 56. Ra6+ Ke7 57. Ra5 Rb3+ 58. Kg2 Rc4 59. Ra7+ Kd6 60. Ra2 Kc5 61. Rf2 Kb4 62. Rf8 Rc2+ 0-1


[Site "https://www.chess.com"]

[Event "Titled Tuesday Blitz September 13 Early 2022"]
[White "Poltorak, Sebastian"]
[Black "Kevlishvili, Robby"]
[WhiteFideId "1199498"]
[BlackFideId "1040634"]
[WhiteElo "2104"]
[BlackElo "2585"]
[Result "0-1"]
[Round "03"]
[TimeControl "180+1"]
[Date "2022.09.13"]
[WhiteClock "0:00:02"]
[BlackClock "0:00:26"]

1. d4 d5 2. c4 e6 3. cxd5 exd5 4. Nc3 c6 5. Bf4 Bd6 6. Bxd6 Qxd6 7. e3 Ne7 8. Bd3 Bf5 9. Nge2 O-O 10. O-O Nd7 11. Ng3 Bg6 12. Qd2 Rfe8 13. Rab1 a5 14. Rfc1 Qf6 15. Na4 Nc8 16. Bxg6 hxg6 17. Nc5 Nxc5 18. Rxc5 Nd6 19. b3 a4 20. Ra5 axb3 21. axb3 Rxa5 22. Qxa5 g5 23. Ra1 g6 24. Qc5 Kg7 25. Re1 Ra8 26. Qc2 Ra3 27. Qb2 Ra8 28. h3 Rh8 29. e4 dxe4 30. Nxe4 Nxe4 31. Rxe4 Rd8 32. b4 Rd5 33. Qc3 Qd6 34. Re5 Rxe5 35. dxe5 Qd5 36. e6+ f6 37. Qe3 Kf8 38. Qb6 Qd1+ 39. Kh2 Qd6+ 40. Kg1 Qe7 41. Qa7 Qxb4 42. Qb8+ Ke7 43. Qg8 Qe1+ 44. Kh2 Qxe6 45. Qg7+ Qf7 46. Qh8 Kd6 47. Qd8+ Kc5 48. Qa5+ b5 49. Qa7+ Qxa7 0-1


[Site "https://www.chess.com"]

[Event "Titled Tuesday Blitz September 13 Early 2022"]
[White "Postny, Evgeny"]
[Black "Zhigalko, Sergei"]
[WhiteFideId "2804344"]
[BlackFideId "13502956"]
[WhiteElo "2456"]
[BlackElo "2662"]
[Result "1-0"]
[Round "03"]
[TimeControl "180+1"]
[Date "2022.09.13"]
[WhiteClock "0:00:04"]
[BlackClock "0:00:04"]

1. d4 Nf6 2. Nf3 e6 3. Bg5 b6 4. e4 h6 5. Bxf6 Qxf6 6. Bd3 Bb7 7. O-O d6 8. Nbd2 Nd7 9. Re1 e5 10. c3 Be7 11. Bb5 c6 12. Bf1 O-O 13. a4 a6 14. Nc4 Rfd8 15. Qb3 b5 16. Na5 Rab8 17. Nxb7 Rxb7 18. axb5 axb5 19. Ra6 Nb8 20. Ra8 Bf8 21. Rd1 exd4 22. cxd4 Qe7 23. e5 dxe5 24. Nxe5 c5 25. Ng6 Qd6 26. Nxf8 Kxf8 27. Qf3 Re7 28. Bxb5 cxd4 29. g3 g6 30. Bd3 Kg7 31. h4 h5 32. Rc1 Qb6 33. Rc2 Nd7 34. Rxd8 Qxd8 35. Qd5 Qb6 36. Kg2 Nf6 37. Qc6 Qd8 38. Qf3 Rd7 39. Re2 Qb6 40. Rc2 Re7 41. Rc6 Qxc6 42. Qxc6 Re6 43. Qf3 Nd7 44. b3 Ne5 45. Qe4 Nc6 46. Qd5 Rf6 47. Qc5 Kg8 48. Be4 Nd8 49. Qxd4 1-0


[Site "https://www.chess.com"]

[Event "Titled Tuesday Blitz September 13 Early 2022"]
[White "Rangel, Daniel"]
[Black "Indjic, Aleksandar"]
[WhiteFideId "2124475"]
[BlackFideId "911925"]
[WhiteElo "2225"]
[BlackElo "2592"]
[Result "0-1"]
[Round "03"]
[TimeControl "180+1"]
[Date "2022.09.13"]
[WhiteClock "0:00:04"]
[BlackClock "0:00:14"]

1. c4 e6 2. g3 d5 3. Bg2 dxc4 4. Qa4+ Nd7 5. Qxc4 a6 6. Nf3 b5 7. Qc2 Bb7 8. O-O c5 9. d3 Ngf6 10. a4 Bd6 11. Nc3 Qb6 12. Be3 O-O 13. b4 Ng4 14. bxc5 Nxe3 15. fxe3 Bxc5 16. d4 Bb4 17. Ng5 g6 18. Bxb7 Qxb7 19. Nce4 Rac8 20. Qd3 Be7 21. axb5 axb5 22. Rf4 f5 23. Nxe6 fxe4 24. Qb3 Rxf4 25. Nc5+ Rf7 26. Nxb7 Nf6 27. Rf1 Kg7 28. g4 h6 29. h4 Rcf8 30. g5 hxg5 31. hxg5 Nh7 32. Rxf7+ Rxf7 33. Qxb5 Nxg5 34. Nc5 Bd6 35. Qc6 Rf6 36. Qd5 Kh6 37. Nxe4 Rf5 38. Qxd6 Nxe4 39. Qh2+ Kg7 40. Qh4 Rg5+ 41. Kf1 Rf5+ 42. Ke1 Nf6 43. e4 g5 44. Qh3 Rf4 45. e5 Ng4 46. Qd3 Nf2 47. Qc4 Ne4 48. Qc7+ Kg6 49. e6 Rh4 50. Qf7+ Kh6 51. Kd1 Rf4 52. Qe8 Nf6 53. Qh8+ Kg6 54. e7 Rxd4+ 55. Ke1 Re4 56. Qa8 Rxe7 57. Qa2 g4 58. Qb1+ Kg5 59. Qb3 Re4 60. Qg3 Rf4 61. e3 Rf3 62. Qe5+ Rf5 63. Qe7 Rf3 64. e4 Kg6 65. e5 Ne4 66. Qe8+ Kf5 67. e6 Re3+ 68. Kd1 g3 69. Qf7+ Kg4 70. e7 g2 71. Qg8+ Ng5 72. e8=Q g1=Q+ 73. Kc2 Qf2+ 74. Kb1 Qe1+ 75. Ka2 Rxe8 76. Qc4+ Re4 77. Qc8+ Re6 78. Qc4+ Qe4 79. Qf1 Qe2+ 80. Qxe2+ Rxe2+ 81. Kb3 Nf3 0-1


[Site "https://www.chess.com"]

[Event "Titled Tuesday Blitz September 13 Early 2022"]
[White "Sadhwani, Raunak"]
[Black "Amin, Bassem"]
[WhiteFideId "35093487"]
[BlackFideId "10601457"]
[WhiteElo "2997"]
[BlackElo "2764"]
[Result "0-1"]
[Round "03"]
[TimeControl "180+1"]
[Date "2022.09.13"]
[WhiteClock "0:01:52"]
[BlackClock "0:01:57"]

1. e4 e5 2. Nf3 Nc6 3. Bc4 Nf6 4. d3 h6 5. c3 Bc5 6. d4 exd4 7. e5 d5 8. exf6 dxc4 9. fxg7 Rg8 10. Bxh6 Qe7+ 11. Kf1 Bf5 12. cxd4 O-O-O 13. Be3 Rxg7 14. Nc3 Bd3+ 15. Kg1 Rxg2+ 16. Kxg2 Rg8+ 0-1


[Site "https://www.chess.com"]